 Dungeon Crawl Stone Soup version 0.29-a0-555-g3b24f45cc1 (webtiles) character file.

Game seed: 17820984144756098124

1398 quinnr the Zephyrmancer (level 8, -3/41 HPs)
             Began as a Tengu Air Elementalist on June 7, 2022.
             Slain by an ice beast (7 damage)
             ... on level 5 of the Dungeon.
             The game lasted 00:13:54 (6979 turns).

quinnr the Zephyrmancer (Tengu Air Elementalist)    Turns: 6979, Time: 00:13:54

Health: -3/41      AC:  3    Str:  9    XL:     8   Next: 69%
Magic:  3/16       EV: 15    Int: 18    God:
Gold:   273        SH:  0    Dex: 14    Spells: 8/17 levels left

rFire   . . .      SeeInvis .   o - +6 club (spect)
rCold   . . .      Faith    .   (no shield)
rNeg    . . .      Spirit   .   a - +0 robe
rPois   .          Reflect  .   (helmet restricted)
rElec   .          Harm     .   n - +0 cloak
rCorr   .          Rampage  .   (no gloves)
Will    .....                   (boots unavailable)
Stlth   ++........              (no amulet)
HPRegen 0.13/turn               (no ring)
MPRegen 0.15/turn               (no ring)

@: flying quickly and evasively, quick
A: beak, talons 3, nimble flight
a: no special abilities


You were on level 5 of the Dungeon.
You visited 1 branch of the dungeon, and saw 5 of its levels.
You also visited: Ossuary.

You collected 273 gold pieces.

Inventory:

Hand Weapons
 o - a +6 spectral club (weapon)
Missiles
 k - 8 poisoned darts
Armour
 a - a +0 robe (worn)
 n - a +0 cloak (worn)
Scrolls
 d - a scroll of immolation
 g - a scroll of poison
 i - a scroll of enchant armour {unknown}
 m - 4 scrolls of teleportation
 q - 2 scrolls of amnesia
 r - a scroll of noise {unknown}
 s - a scroll of blinking {unknown}
 t - 3 scrolls of identify
Potions
 b - a potion of magic
 c - 2 potions of brilliance {unknown}
 e - 4 potions of heal wounds {unknown}
 f - 4 potions of curing {unknown}
 h - a potion of haste
 j - a potion of resistance
 l - 3 potions of degeneration
 p - a potion of berserk rage
 u - a potion of attraction {unknown}


   Skills:
 + Level 0.2 Fighting
 + Level 2.3 Dodging
 + Level 2.1 Stealth
 - Level 5.0 Spellcasting
 - Level 1.3 Conjurations
 - Level 12.0 Air Magic
 - Level 2.0 Poison Magic


You had 8 spell levels left.
You knew the following spells:

 Your Spells              Type           Power      Damage    Failure   Level
a - Shock                 Conj/Air       100%       1d9       1%          1
b - Poisonous Vapours     Pois/Air       58%        N/A       1%          2
c - Static Discharge      Conj/Air       28%        N/A       1%          2
d - Airstrike             Air            23%        N/A       1%          4

Your spell library contained the following spells:

 Spells                   Type           Power      Damage    Failure   Level
 Swiftness                Air            47%        N/A       1%          3
 Sting                    Tmut/Pois      32%        1d4       9%          1
 Ensorcelled Hibernation  Hex/Ice        8%         N/A       21%         2
 Spider Form              Tmut/Pois      8%         N/A       26%         3
 Ozocubu's Armour         Ice            4%         N/A       36%         3
 Olgreb's Toxic Radiance  Pois           11%        N/A       50%         4
 Anguish                  Hex/Necr       2%         N/A       78%         4
 Ozocubu's Refrigeration  Ice            2%         4d5       100%        7


Dungeon Overview and Level Annotations

Branches:
Dungeon (5/15)            Ossuary (visited)
 Temple: D:4-7

Altars:
Fedhas
Gozag

Shops:
D:5 =[[[


Innate Abilities, Weirdness & Mutations

You have a beak for a mouth.
You have claws for feet.
Your magical nature lets you fly swiftly and evasively.


Message History

You claw the necrophage, but do no damage.
Your +6 spectral club misses the necrophage.
The necrophage hits you!
You feel drained.
You sock the necrophage!
The necrophage is moderately damaged.
Your +6 spectral club barely misses the necrophage.
The necrophage barely misses you. The necrophage misses you.
The ice beast closely misses your +6 spectral club.
You hit the necrophage. You claw the necrophage.
You peck the necrophage, but do no damage.
The necrophage is severely damaged.
Your +6 spectral club hits the necrophage.
The ice beast misses your +6 spectral club.
The necrophage misses you.
You hit the necrophage.
You peck the necrophage, but do no damage.
The necrophage is almost destroyed.
Your +6 spectral club hits the necrophage!
You destroy the necrophage!
Your life force feels restored.
Training target 5.0 for Spellcasting reached!
Your Spellcasting skill increases to level 5!
You need to enable at least one skill for training.
Unknown command.
You hit the ice beast. Your kick misses the ice beast.
Your peck misses the ice beast.
The ice beast is lightly wounded.
Your +6 spectral club hits the ice beast but does no damage.
The ice beast closely misses you.
Unknown command.
You hit the ice beast but do no damage. You claw the ice beast.
You peck the ice beast, but do no damage.
The ice beast is lightly wounded.
Your +6 spectral club barely misses the ice beast.
The ice beast hits you. The ice beast freezes you!
* * * LOW HITPOINT WARNING * * *
The ice beast hits you.
* * * LOW HITPOINT WARNING * * *
The ice beast freezes you!
You die...

##......#####.##..#.###.....#
#.......#.....##..(.####....#
.#.#.#....#..........###...##
##........#........##.......#
........5..!........#.......#
.......@...##.....#........##
.....5#..####..##.#.......##
......#### #..(#.........#
....### ##.Y@.........#
..r..# ##.####......# ..@.##
### ###.#.## ...## #####
#.... #.@.... ..#.... ..#br..
#..


You could see an ice beast and a friendly +6 spectral club (summoned).

Vanquished Creatures
  Eustachio (D:5)
  A black bear (D:4)
  An ice beast (D:5)
  3 elf zombies (Ossuary)
  A scorpion (D:4)
  2 necrophages
  A wight (D:5)
  5 centaur zombies (Ossuary)
  4 human zombies (Ossuary)
  2 orc priests
  2 iguanas
  An orc wizard (D:3)
  3 mummies (Ossuary)
  Robin (D:2)
  5 adders
  A shadow imp (D:5)
  An ufetubus (D:4)
  A worm (D:4)
  3 dart slugs
  8 orcs
  7 endoplasms
  3 giant cockroaches
  14 goblins
  11 hobgoblins
  8 jackals
  3 quokkas
  7 ball pythons
  3 bats
  4 frilled lizards
  A goblin zombie (D:4)
  5 kobolds
  8 rats
  A rat zombie (D:4)
122 creatures vanquished.

Vanquished Creatures (others)
  A plant (D:3)
1 creature vanquished.

Grand Total: 123 creatures vanquished

Notes
Turn   | Place    | Note
-------+----------+-------------------------------------------
     0 | D:1      | quinnr the Tengu Air Elementalist began the quest for the
                  | Orb.
     0 | D:1      | Reached XP level 1. HP: 10/10 MP: 4/4
   474 | D:1      | Reached XP level 2. HP: 15/15 MP: 4/6
   638 | D:1      | Reached skill level 5 in Air Magic
   675 | D:1      | Found a faded altar of an unknown god.
  1110 | D:2      | Reached XP level 3. HP: 19/19 MP: 2/7
  1113 | D:2      | Learned a level 2 spell: Poisonous Vapours
  1223 | D:2      | Found an opulent altar of Gozag.
  1547 | D:2      | Reached skill level 1 in Poison Magic
  2184 | D:3      | Noticed a necrophage
  2254 | D:3      | Found a blossoming altar of Fedhas.
  2271 | D:3      | Learned a level 2 spell: Static Discharge
  2284 | D:3      | Reached XP level 4. HP: 24/24 MP: 5/8
  2288 | D:3      | Reached skill level 6 in Air Magic
  2795 | D:3      | Gained mutation: Your magical nature lets you fly swiftly
                  | and evasively. [Tengu growth]
  2795 | D:3      | Reached XP level 5. HP: 28/28 MP: 1/9
  2917 | D:3      | Reached skill level 7 in Air Magic
  3058 | D:3      | Noticed Robin
  3478 | D:2      | Reached skill level 8 in Air Magic
  3478 | D:2      | Killed Robin
  3479 | D:2      | Reached XP level 6. HP: 28/32 MP: 5/10
  4167 | D:4      | Noticed a black bear
  4181 | D:4      | Killed a black bear
  4182 | D:4      | Reached skill level 9 in Air Magic
  4182 | D:4      | Reached XP level 7. HP: 33/36 MP: 0/11
  4213 | D:4      | Found a sand-covered staircase.
  4309 | Ossuary  | Entered an ossuary
  4344 | Ossuary  | Reached skill level 10 in Air Magic
  4937 | Ossuary  | Reached skill level 11 in Air Magic
  5223 | Ossuary  | Learned a level 4 spell: Airstrike
  5230 | Ossuary  | Reached XP level 8. HP: 32/41 MP: 1/12
  5783 | D:2      | Found an opulent altar of Gozag.
  6641 | D:5      | Entered Level 5 of the Dungeon
  6675 | D:5      | Found Vocialeg's Armour Shoppe.
  6677 | D:5      | Found Nuclores's Jewellery Shoppe.
  6680 | D:5      | Found Nieteh's Antique Armour Shoppe.
  6681 | D:5      | Found Netucon's Armour Shoppe.
  6783 | D:5      | Reached skill level 12 in Air Magic
  6948 | D:5      | Noticed Eustachio
  6970 | D:5      | Killed Eustachio
  6978 | D:5      | Reached skill level 5 in Spellcasting
  6979 | D:5      | HP: 4/41 [ice beast (2)]
  6979 | D:5      | Slain by an ice beast

Illustrated notes

Levels and vault maps discovered:
D:1:      dpeg_arrival_snail, layout_rooms, hellmonk_ecumenical_altar_lost_god
D:2:      layout_basic, basic_altar, minmay_misc_feat_encased, nrook_campfire
D:3:      layout_loops_ring, fedhas_altar_1, nrook_mini_vaults, uniq_robin
D:4:      layout_rooms, enter_ossuary_4
D:5:      layout_cave_pools, lightli_sewer_entry_pipes,
          hangedman_decor_diamond_cutter, kennysheep_minor_cross,
          minmay_shop_grid_forest, uniq_eustachio

Skill      XL: |  1  2  3  4  5  6  7  8 |
---------------+-------------------------+-----
Air Magic      | 5 6 8 9 11 12 | 12.0
Poison Magic   | 1 2 |  2.0
Spellcasting   | 5 |  5.0
Fighting       | |  0.2
Dodging        | |  2.3
Stealth        | |  2.1
Conjurations   | |  1.3

Action                   |  1- 3 |  4- 6 |  7- 9 || total
-------------------------+-------+-------+-------++-------
Melee: Unarmed           |     7 |     8 |       ||    15
       Kick              |     2 |     5 |    23 ||    30
       Peck              |     1 |     9 |    20 ||    30
       Club              |       |     9 |    59 ||    68
 Cast: Shock             |    73 |    79 |    80 ||   232
       Poisonous Vapours |       |    16 |     5 ||    21
       Static Discharge  |       |     4 |     6 ||    10
       Airstrike         |       |       |     8 ||     8
Evoke: Wand              |       |     3 |     4 ||     7
  Use: Scroll            |       |     3 |     7 ||    10
 Stab: Paralysed         |       |     4 |    12 ||    16
       Distracted        |       |       |     1 ||     1
Armor: Robe              |     5 |     7 |    24 ||    36
Dodge: Dodged            |     9 |    39 |    92 ||   140

Table legend: (Time is in decaauts)
 A = Elapsed time spent in this place.
 B = Non-inter-level travel time spent in this place.
 C = Inter-level travel time spent in this place.
 D = Time resting spent in this place.
 E = Time spent auto-exploring this place.
 F = Levels seen in this place.
 G = Mean time per level.
                   A        B        C        D        E       F      G
               +--------+--------+--------+--------+--------+-----+--------+
         Total |   6795 |   6588 |    207 |   1088 |   4237 |   6 | 1132.5 |
       Dungeon |   5732 |   5525 |    207 |    499 |   3972 |   5 | 1146.4 |
       Ossuary |   1063 |   1063 |      0 |    589 |    264 |   1 | 1063.0 |
               +--------+--------+--------+--------+--------+-----+--------+

Top non-repeatable levels by time:
     D:2: 2437 daAuts
     D:3: 1502 daAuts
 Ossuary: 1063 daAuts
     D:1: 875 daAuts
     D:4: 631 daAuts
     D:5: 284 daAuts
